 Dungeon Crawl Stone Soup version 0.20.1-1-g8b1a95d (webtiles) character file.

240 polve the Changer (level 6, -1/48 HPs)
             Began as a Merfolk Transmuter on Aug 15, 2017.
             Killed by divine providence
             ... invoked by an orc priest
              (12 damage)
             ... on level 3 of the Dungeon.
             The game lasted 00:03:40 (2770 turns).

polve the Changer (Merfolk Transmuter)              Turns: 2770, Time: 00:03:41

Health: -1/48      AC:  5    Str: 11    XL:     6   Next: 8%
Magic:  9/9        EV: 11    Int: 14    God:
Gold:   191        SH:  5    Dex: 14    Spells: 3/9 levels left

rFire    . . .     SeeInvis .   h - +0 dagger (venom)
rCold    . . .     Gourm    .   j - +2 buckler
rNeg     . . .     Faith    .   n - +1 leather armour
rPois    .         Spirit   .   k - +0 helmet
rElec    .         Reflect  .   (no cloak)
rCorr    .         Harm     .   (no gloves)
MR       .....                  (no boots)
Stlth    +.........             (no amulet)
Regen    0.2/turn               (no ring)
MPRegen  0.2/turn               (no ring)

@: no status effects
A: change form in water, swift swim, stealthy swim
a: no special abilities


You were on level 3 of the Dungeon.
You were not hungry.

You visited 1 branch of the dungeon, and saw 3 of its levels.

You collected 191 gold pieces.

Inventory:

Hand Weapons
 h - a +0 dagger of venom (weapon)
Missiles
 a - 9 arrows (quivered)
Armour
 j - a +2 buckler (worn)
 k - a +0 helmet (worn)
 n - a +1 leather armour (worn)
Jewellery
 l - a cursed ring of positive energy {unknown}
Wands
 e - a wand of flame (10/48)
Scrolls
 m - 3 scrolls of immolation
 o - a scroll of teleportation {unknown}
 s - a scroll of identify {unknown}
 t - a scroll of amnesia {unknown}
Potions
 f - a potion of heal wounds {unknown}
 g - a potion of brilliance {unknown}
 p - 2 potions of lignification {unknown}
 q - a potion of curing {unknown}
Books
 c - a book of Changes

   Spells                             Type                      Level
   a - Beastly Appendage              Transmutation                1
   b - Sticks to Snakes               Transmutation                2
   c - Spider Form                    Transmutation/Poison         3
   d - Ice Form                       Ice/Transmutation            4
   e - Blade Hands                    Transmutation                5
Comestibles
 b - 4 fruits
 d - 2 bread rations
 i - 3 meat rations
 r - 4 chunks of flesh


   Skills:
 + Level 4.1 Fighting
 - Level 2.6 Dodging
 - Level 3.2 Unarmed Combat
 - Level 2.0 Spellcasting
 + Level 6.4 Transmutations


You had 3 spell levels left.
You knew the following spells:

 Your Spells              Type           Power        Failure   Level  Hunger
a - Beastly Appendage     Tmut           ###...       3%          1    ##.....
b - Sticks to Snakes      Tmut           ###.....     5%          2    ###....
c - Spider Form           Tmut/Pois      ##........   38%         3    ####...


Dungeon Overview and Level Annotations

Branches:
Dungeon (3/15)

Altars:


Message History

The orc priest invokes the aid of Beogh against you.
Beogh smites you!
* * * LOW HITPOINT WARNING * * *
You hear a shout!
Things that are here:
a giant club; a club The orc priest miscasts a cantrip.
The orc priest calls upon Beogh to heal the orc priest.
The orc priest is healed somewhat.
A puff of flame appears from out of thin air!
The puff of flame hits you!
* * * LOW HITPOINT WARNING * * *
Things that are here:
10 stones; a dagger of speed; a hunting sling The orc priest begins to cast a cantrip, but forgets the words!
There is a stone staircase leading up here.
The orc priest begins to cast a cantrip, but forgets the words!
The orc priest invokes the aid of Beogh against you.
Beogh smites you!
You die...

....... . .......####.# ..##..
............# #..#.... #..# #.....
#..## ####....#### #...##.
##..........## ##...).o
##........[...## #...###.
#............@.########..##
#.>).(.........(.o{o.....#
####..............#####o.)### #
?...(()...........#####.### .#
..(.(...................# .#
...##............#.....#####..##.
.(.##.(...................รท......
(..##.########.###....###########
...##.# ..# #....#


You could see 2 orc priests and an orc.

Vanquished Creatures
  An ogre (D:3)
  Natasha (thrice) (D:2)
  Robin (D:3)
  2 oozes
  A worm (D:2)
  2 dart slugs
  3 leopard geckos (D:1)
  An orc (D:3)
  6 bats
  5 giant cockroaches
  11 goblins
  10 hobgoblins
  7 kobolds
  3 frilled lizards
  10 rats
66 creatures vanquished.

Vanquished Creatures (collateral kills)
  2 goblins (D:3)
  A hobgoblin (D:3)
3 creatures vanquished.

Grand Total: 69 creatures vanquished

Notes
Turn   | Place    | Note
-------+----------+-------------------------------------------
     0 | D:1      | polve the Merfolk Transmuter began the quest for the Orb.
     0 | D:1      | Reached XP level 1. HP: 15/15 MP: 3/3
    57 | D:1      | Reached skill level 3 in Transmutations
   242 | D:1      | Reached XP level 2. HP: 14/21 MP: 3/5
   265 | D:1      | Reached skill level 4 in Transmutations
   588 | D:1      | Reached XP level 3. HP: 20/26 MP: 4/6
  1087 | D:1      | Reached skill level 5 in Transmutations
  1235 | D:1      | Learned a level 2 spell: Sticks to Snakes
  1239 | D:1      | Learned a level 3 spell: Spider Form
  1417 | D:2      | Noticed Natasha
  1429 | D:2      | Killed Natasha
  1429 | D:2      | Reached XP level 4. HP: 23/33 MP: 7/7
  1568 | D:2      | Noticed Natasha
  1576 | D:2      | Killed Natasha
  1645 | D:2      | Noticed Natasha
  1653 | D:2      | Killed Natasha
  1653 | D:2      | Reached XP level 5. HP: 36/40 MP: 8/8
  2106 | D:3      | Noticed an ogre
  2127 | D:3      | Killed an ogre
  2127 | D:3      | Reached skill level 6 in Transmutations
  2133 | D:3      | Noticed Robin
  2156 | D:3      | HP: 1/42 [hobgoblin[Robin] (3)]
  2498 | D:3      | Reached XP level 6. HP: 47/48 MP: 9/9
  2525 | D:3      | Killed Robin
  2770 | D:3      | Killed from afar by an orc priest

Skill      XL: |  1  2  3  4  5  6 |
---------------+-------------------+-----
Transmutations | 3 4 5 6 |  6.4
Fighting       | 2 3 4 |  4.1
Dodging        | |  2.6
Unarmed Combat | |  3.2
Spellcasting   | |  2.0

Action                   |  1- 3 |  4- 6 || total
-------------------------+-------+-------++-------
Melee: Dagger            |   102 |   119 ||   221
       Unarmed           |     5 |       ||     5
       Headbutt          |     1 |       ||     1
 Cast: Beastly Appendage |     5 |       ||     5
       Sticks to Snakes  |       |     2 ||     2
  Use: Scroll            |     4 |       ||     4
 Stab: Sleeping          |     2 |     2 ||     4
  Eat: Chunk             |     2 |     4 ||     6
Armor: Robe              |     7 |       ||     7
       Leather armour    |    24 |    24 ||    48
Dodge: Dodged            |    52 |    79 ||   131
Block: Buckler           |    15 |    27 ||    42
